 Dungeon Crawl Stone Soup version 0.30-b1-2-g02819fbbbe (webtiles) character file.

Game seed: 15375407106527775945

294843 Flugkiller the Demon Slayer (level 21, -48/256 HPs)
             Began as a Gargoyle Fighter on May 13, 2023.
             Was a High Priest of the Shining One.
             Killed from afar by an iron giant (58 damage)
             ... with an iron shot
             ... in the Vestibule of Hell.
             The game lasted 01:51:19 (36904 turns).

Flugkiller the Demon Slayer (Gargoyle Fighter)     Turns: 36904, Time: 01:51:20

Health: -48/256    AC: 52    Str: 34    XL:     21   Next: 24%
Magic:  32/32      EV: 13    Int: 18    God:    the Shining One [*****.]
Gold:   2074       SH: 23    Dex:  8    Spells: 20/20 levels left

rFire   + + +        m - +7 broad axe (holy)
rCold   + . .        f - +2 buckler {rC+ rF+}
rNeg    + + +        I - +6 plate armour "Maffe" {rF++ rC- Int+9}
rPois   ∞            (no helmet)
rElec   +            w - +2 cloak
rCorr   .            T - +2 pair of gloves
SInv    .            k - +2 pair of boots
Will    ++...        K - amulet of faith Stlth
                     v - +5 ring of evasion
HPRegen 0.62/turn    c - ring of protection from cold
MPRegen 0.23/turn

%: faith
@: berserking (expiring), divinely shielded, flying, glowing, studying Staves,
very quick
A: sickness immunity, AC +16, big wings, negative energy resistance 1,
electricity resistance, torment resistance 1, petrification resistance,
iridescent scales 1, low MP 1, strong-willed 1, robust 2, strong 1
}: 1/15 runes: abyssal
a: Renounce Religion, Divine Shield, Cleansing Flame, Summon Divine Warrior


You were in the Vestibule of Hell.
You worshipped the Shining One.
The Shining One was extremely pleased with you.
You visited 5 branches of the dungeon, and saw 22 of its levels.
You visited the Abyss 8 times.
You visited 1 ziggurat, and saw 7 of its levels.
You also visited: Sewer and Ossuary.

You collected 2074 gold pieces.

Inventory:

Hand Weapons
 b - a +1 dagger of distortion
   (You took it off Sonja on level 11 of the Dungeon)
 m - a +7 broad axe of holy wrath (weapon)
   (You took it off a spriggan berserker on level 1 of the Depths)
Missiles
 o - 6 curare-tipped darts (quivered)
 s - 4 throwing nets
Armour
 f - a +2 buckler of resistance (worn)
   (You took it off a tengu reaver on level 3 of the Depths)
 g - +2 pearl dragon scales
   (You took it off a centaur warrior on level 12 of the Dungeon)
 k - a +2 pair of boots (worn)
   (You found it on level 2 of the Dungeon)
 w - a +2 cloak (worn)
   (You took it off a draconian stormcaller on level 4 of the Depths)
 I - the +6 plate armour "Maffe" (worn) {rF++ rC- Int+9}
   (You took it off an orc on level 4 of the Dungeon)

   Int:       It affects your intelligence (+9).
   rF:        It greatly protects you from fire.
   rC:        It makes you vulnerable to cold.
 R - a +2 kite shield
   (You found it on level 6 of the Dungeon)
 T - a +2 pair of gloves (worn)
   (You found it on level 15 of the Dungeon)
 Y - the scarf "Kuytos" {harm, Will+}
   (You found it on level 6 of a ziggurat)

   Will:      It increases your willpower.
Jewellery
 a - a +5 ring of evasion
   (You found it on level 2 of the Depths)
 c - a ring of protection from cold (right hand)
   (You found it on level 10 of the Dungeon)
 j - a +4 ring of slaying
   (You acquired it on level 2 of the Abyss)
 p - a ring of protection from fire
   (You found it on level 6 of the Dungeon)
 v - a +5 ring of evasion (left hand)
   (You found it on level 14 of the Dungeon)
 x - a ring of resist corrosion
   (You found it on level 7 of the Dungeon)
 K - an amulet of faith (around neck)
   (You found it on level 13 of the Dungeon)
 U - a ring of protection from cold
   (You found it on level 11 of the Dungeon)
 W - a ring of wizardry
   (You found it on level 5 of a ziggurat)
Wands
 l - a wand of roots (11)
   (You found it on level 2 of the Dungeon)
 n - a wand of light (7)
   (You found it on level 3 of the Depths)
 u - a wand of flame (43)
   (You took it off Ijyb on level 3 of the Dungeon)
 L - a wand of mindburst (23)
   (You found it on level 8 of the Dungeon)
 P - a wand of charming (27)
   (You found it on level 3 of the Dungeon)
Scrolls
 r - 5 scrolls of amnesia
 t - a scroll of teleportation
 A - 3 scrolls of poison
 E - a scroll of silence
 F - a scroll of immolation
 M - 6 scrolls of magic mapping
 N - 2 scrolls of fog
 O - a scroll of vulnerability
 S - 2 scrolls of brand weapon
Potions
 d - 4 potions of might
 e - 7 potions of flight
 h - a potion of haste
 q - a potion of curing
 D - 2 potions of lignification
 G - 3 potions of magic
 H - a potion of berserk rage
 X - 2 potions of brilliance
 Z - 5 potions of attraction


   Skills:
 * Level 18.9 Fighting
 - Level 18.0 Axes
 + Level 15.4 Armour
 + Level 15.5 Shields
 * Level 21.1 Invocations
 - Level 6.0 Evocations


You had 20 spell levels left.
You didn't know any spells.
Your spell library contained the following spells:

 Spells                   Type           Power      Damage    Failure   Level
 Beastly Appendage        Tmut           0%         N/A       71%         1
 Shock                    Conj/Air       0%         1d3       71%         1
 Slow                     Hex            0%         N/A       71%         1
 Sting                    Tmut/Pois      0%         1d3       71%         1
 Summon Small Mammal      Summ           0%         N/A       71%         1
 Ensorcelled Hibernation  Hex/Ice        0%         N/A       83%         2
 Lesser Beckoning         Tloc           0%         N/A       83%         2
 Passwall                 Tmut/Erth      0%         N/A       83%         2
 Wereblood                Tmut           0%         N/A       83%         2
 Confusing Touch          Hex            0%         N/A       97%         3
 Gell's Gravitas          Tloc           0%         N/A       97%         3
 Inner Flame              Hex/Fire       0%         N/A       97%         3
 Spider Form              Tmut/Pois      0%         N/A       97%         3
 Summon Guardian Golem    Hex/Summ       0%         N/A       97%         3
 Swiftness                Air            0%         N/A       97%         3
 Teleport Other           Tloc           0%         N/A       97%         3
 Vampiric Draining        Necr           0%         2d6       97%         3
 Airstrike                Air            0%         2d(0-16)  100%        4
 Anguish                  Hex/Necr       0%         N/A       100%        4
 Animate Armour           Summ/Erth      0%         N/A       100%        4
 Cause Fear               Hex            0%         N/A       100%        4
 Iskenderun's Mystic Bla  Conj/Tloc      0%         2d3       100%        4
 Summon Lightning Spire   Summ/Air       0%         N/A       100%        4
 Alistair's Intoxication  Tmut/Pois      0%         N/A       100%        5
 Blade Hands              Tmut           0%         N/A       100%        5
 Borgnjor's Vile Clutch   Necr/Erth      0%         N/A       100%        5
 Lee's Rapid Deconstruct  Erth           0%         3d4*      100%        5
 Summon Forest            Summ/Tloc      0%         N/A       100%        5
 Yara's Violent Unravell  Hex/Tmut       0%         3d3       100%        5
 Dispersal                Tloc           0%         N/A       100%        6
 Eringya's Noxious Bog    Tmut/Pois      0%         N/A       100%        6
 Iron Shot                Conj/Erth      0%         9d1       100%        6
 Dragon Form              Tmut           0%         N/A       100%        7
 Malign Gateway           Summ/Tloc      0%         N/A       100%        7
 Orb of Destruction       Conj           0%         9d5       100%        7
 Spellforged Servitor     Conj/Summ      0%         N/A       100%        7
 Storm Form               Tmut/Air       0%         N/A       100%        7
 Maxwell's Capacitive Co  Air            0%         ∞         100%        8
 Dragon's Call            Summ           0%         N/A       100%        9


Dungeon Overview and Level Annotations

Branches:
Dungeon (15/15) Zot: 23655  Temple (1/1) D:7 Zot: 5963    Lair (0/5) D:8
    Orc (0/2) D:12         Vaults (0/5) D:14         Depths (4/4) D:15 Zot: 13439
   Hell (1/1) Zot: 10825      Dis (1/7) Hell Zot: 10825     Geh (0/7) Hell
    Coc (0/7) Hell            Tar (0/7) Hell            Zot (0/5) Depths:4
  Sewer (visited)         Ossuary (visited)

Altars:
Ashenzari
Cheibriados
Dithmenos
Elyvilon
Fedhas
Gozag
Hepliaklqana
Kikubaaqudgha
Makhleb
Nemelex Xobeh
Okawaru
Qazlal
Ru
Sif Muna
Trog
Uskayaw
Vehumet
Wu Jian
Xom
Yredelemnul
Zin
The Shining One

Shops:
D:7 (   Depths:1 ?

Portals:
Hell: Depths:2 Depths:3 Depths:4
Abyss: Depths:3 Depths:4
Pandemonium: Depths:2 Depths:4

Annotations:
D:3 exclusion: oklob plant
D:5 2 transporters, caveywoolpert's ghost, novice GrEE
D:7 2 transporters, UristMacStoneSoup's ghost, novice KoBr
D:11 2 runed translucent doors, Arum's ghost, journeyman FoFi
D:12 exclusion: downstairs
Depths:1 exclusions: downstairs, 2 hell hogs and 2 more exclusions
Depths:2 Vv
Hell exclusion: iron giant


Innate Abilities, Weirdness & Mutations

You are immune to sickness and miasma.
Your stone body is resilient. (AC +16)
You are immune to poison.
Your large and strong wings let you fly.
You resist negative energy. (rN+)
You are resistant to electric shocks. (rElec)
You are resistant to unholy torment.
You are immune to petrification.
You are partially covered in iridescent scales. (AC +2)
Your magical capacity is low. (-10% MP)
You are strong-willed. (Will+)
You are very robust. (+20% HP)
Your muscles are strong. (Str +4, Int/Dex -1)


Message History

You feel stable.
You are too injured to fight recklessly!
You are too injured to fight recklessly!
You are too injured to fight recklessly!
You slice the iron giant!!
The iron giant is moderately wounded.
You slice the iron giant!!
The iron giant is heavily wounded.
You block the iron giant's attack.
You slice the iron giant!!
The iron giant is severely wounded.
The iron giant gestures at you while chanting.
The iron shot hits you!!!
* * * LOW HITPOINT WARNING * * *
Your divine shield is renewed.
The iron giant hits you with a +0 giant spiked club!!!
* * * LOW HITPOINT WARNING * * *
Unknown command.
Unknown command.
Okay, then.
Unknown command.
Unknown command.
Unknown command.
Blink to where?
Press: ? - help, Dir - move target
As you read the scroll of blinking, it crumbles to dust.
Unknown command.
Unknown command.
Okay, then.
Blink to where?
Press: ? - help, Dir - move target
As you read the scroll of blinking, it crumbles to dust.
Unknown command.
A blizzard demon comes into view.
Unknown command.
Okay, then.
Unknown command.
Unknown command.
Unknown command.
Unknown command.
Okay, then.
Unknown command.
Blink to where?
Press: ? - help, Dir - move target
As you read the scroll of blinking, it crumbles to dust.
Unknown command.
Okay, then.
Aiming: Dig
Press: ? - help, Shift-Dir - straight line A rock wall.
This square is lit by a halo.
The rock shatters into small pieces.
Aiming: Dig
Press: ? - help, Shift-Dir - straight line A rock wall.
This square is lit by a halo.
The rock shatters into small pieces.
The now-empty wand crumbles to dust.
Okay, then.
Unknown command.
Unknown command.
You're wearing all the rings you can.
Remove which one? (? for menu, Esc to cancel) < or
v - a +5 ring of evasion; > or
j - a +4 ring of slaying You remove your +4 ring of slaying.
c - a ring of protection from cold (right hand) Unknown command.
Unknown command.
A red film seems to cover your vision as you go berserk!
You feel yourself moving faster!
You feel mighty!
You block the blizzard demon's attack. x2
Unknown command.
You barely miss the blizzard demon. The blizzard demon gestures at you.
The freezing blast engulfs you! You resist.
* * * LOW HITPOINT WARNING * * *
You slash the blizzard demon!
The blizzard demon convulses!
The blizzard demon is heavily wounded.
You are engulfed in freezing vapours.
You resist.
Unknown command.
You slice the blizzard demon!!
The blizzard demon convulses!
You kill the blizzard demon!
The Shining One accepts your kill.
You are engulfed in freezing vapours.
You resist.
* * * LOW HITPOINT WARNING * * *
Unknown command.
You are engulfed in freezing vapours.
You resist.
The iron giant fires a harpoon shot at you.
The harpoon shot hits you but does no damage.
Unknown command.
You feel a strong urge to attack something.
The iron giant hits you with a +0 giant spiked club.
* * * LOW HITPOINT WARNING * * *
Unknown command.
You hit the iron giant.
The iron giant is heavily wounded.
You slash the iron giant!
The iron giant is heavily wounded.
The iron giant gestures at you while chanting.
The iron shot hits you!!!
You die...

#......§........##...§§§.≈.§.≈.≈.
......................§§§.≈.≈.≈.≈
........∩.).......)..≈§≈.∩.≈.§.≈.
.2......))..........≈.§§≈.§.≈§≈.≈
#.........).....##...≈.≈.≈.≈.§.≈.
##[.#...)...#..####.≈.≈.§§§.≈§≈.#
##...........####.#...≈§≈§§.§..#
##.........####C###...§§§.....#
##...#...####@## ##.........##
##.....## #☼## ##........#
##...## #.#☼# ##.......#
##...###.###○# ##.....##
##.....#.# #○# ##....# #8.....8#
#☼# ##...# ###'')### #○# ##..#
##.......## #☼# ##.#
##.........## #○# ###


You could see an iron giant.

Vanquished Creatures
  Mennas (Depths:4)
  An ancient lich (Abyss:4)
  5 caustic shrikes
  A golden dragon (Depths:3)
  2 bone dragons (Abyss:4)
  Jorgrun (D:14)
  A hellephant (Abyss:4)
  A tentacled monstrosity (Depths:3)
  4 liches
  A searing wretch (Zig:3)
  A titan (Depths:3)
  A walking divine tome (Depths:2)
  A walking frostbound tome (Abyss:4)
  2 acid blobs (Zig:7)
  2 ancient champions (Dis:1)
  24 tentacled starspawn
  3 tengu reavers
  A storm dragon (Depths:3)
  3 shadow dragons
  5 fire giants
  A deep elf sorcerer (Abyss:4)
  A draconian monk (Zig:6)
  3 draconian knights (Zig:6)
  3 frost giants
  2 balrugs
  2 iron dragons
  A draconian scorcher (Zig:2)
  A draconian shifter (Depths:4)
  2 azure jellies (Zig:7)
  An angel (Abyss:4)
  A deep elf elementalist (Zig:1)
  3 cacodemons
  2 draconian stormcallers
  2 war gargoyles
  An ophan (Zig:4)
  15 very ugly things
  A quicksilver ooze (Zig:7)
  6 stone giants
  A green draconian (Zig:6)
  2 lorocyprocas
  A purple draconian (Depths:4)
  2 vampire knights
  2 white draconians
  3 yellow draconians
  A halazid warlock (Hell)
  6 spark wasps
  A red draconian (Depths:3)
  A green death (Depths:2)
  A merfolk impaler (Depths:1)
  2 fire dragons
  3 blizzard demons (Hell)
  2 ettins (Depths:3)
  A rakshasa (Depths:3)
  A great orb of eyes (Depths:4)
  8 ice dragons
  2 hydras
  4 spriggan air magi
  7 centaur warriors
  An ogre mage (D:12)
  A salamander tyrant (Depths:3)
  A boulder beetle (Abyss:4)
  2 dancing weapons (D:14)
  2 deep troll shamans
  A death knight (D:12)
  3 two-headed ogres
  8 tengu warriors
  5 spriggan berserkers
  4 hell hogs
  3 deep troll earth magi
  26 thrashing horrors
  6 hell knights (Depths:1)
  A crystal echidna (Dis:1)
  14 sun demons
  5 soul eaters
  A spriggan (Depths:1)
  11 wretched stars
  2 sixfirhies
  2 salamander mystics
  Sonja (D:11)
  2 iron trolls (Depths:1)
  A spatial maelstrom (Abyss:4)
  5 skeletal warriors
  A kraken simulacrum (Hell)
  2 glowing orange brains
  A sea snake (shapeshifter) (Depths:1)
  A shadow demon (Abyss:4)
  4 flayed ghosts
  7 deep trolls
  An obsidian statue (Zig:6)
  3 deep elf pyromancers
  2 wizards (D:14)
  9 salamanders
  35 ugly things
  A shining eye (Depths:4)
  An orc knight (D:13)
  2 manticores (D:14)
  6 cyclopes
  5 worldbinders (Abyss:4)
  A stone giant skeleton (Abyss:4)
  A guardian serpent (Abyss:4)
  5 rust devils
  An apocalypse crab (Abyss:4)
  8 orange demons
  15 smoke demons
  2 molten gargoyles (Hell)
  3 ice statues
  A demonic crawler (Abyss:4)
  4 gargoyles
  4 unseen horrors
  2 naga skeletons (Abyss:4)
  4 hellions
  2 sea snake zombies (Hell)
  4 kobold demonologists
  A yaktaur (shapeshifter) (D:13)
  6 tengu conjurers
  A yaktaur (D:15)
  A tormentor (Zig:3)
  A silent spectre (Abyss:4)
  7 efreet
  An ice devil (Depths:2)
  5 hellwings (Abyss:4)
  2 hydra zombies (Hell)
  5 trolls
  A tyrant leech (shapeshifter) (Depths:1)
  14 ancient zymes
  4 hornets
  A hydra skeleton (Hell)
  2 alligator zombies (Hell)
  A blink frog (Abyss:4)
  Prince Ribbit (D:7)
  33 raiju
  30 large abominations
  11 slime creatures
  Eustachio (D:6)
  4 flying skulls (Abyss:4)
  8 ynoxinuls
  4 wraiths
  2 water elementals
  3 air elementals
  A shadow (Abyss:3)
  14 yaks
  3 neqoxecs (Abyss:4)
  2 wyverns
  A fire bat (Abyss:2)
  A golden eye (Abyss:4)
  A basilisk (D:12)
  4 chaos spawn
  6 vampire mosquitoes
  A fire elemental (Zig:5)
  3 steam dragons
  A harpy simulacrum (D:15)
  2 spatial vortices (Abyss:4)
  An acid dragon (shapeshifter) (D:13)
  3 water moccasins (D:8)
  2 hell hounds
  10 orc warriors
  3 black bears
  2 ice beasts (D:7)
  An alligator simulacrum (Hell)
  3 ogres
  2 sky beasts
  An ettin simulacrum (Abyss:4)
  A boggart (D:12)
  12 centaurs
  13 kobold brigands
  49 starcursed masses
  A phantom (D:4)
  2 gnoll sergeants
  5 bullfrogs (D:8)
  A water moccasin zombie (Ossuary)
  4 scorpions
  14 wights
  14 killer bees
  6 howler monkeys
  11 small abominations
  7 electric eels
  7 crimson imps (D:7)
  3 bullfrog zombies (Ossuary)
  3 centaur zombies (Ossuary)
  2 jellies
  4 gnoll boudas
  5 orc priests
  9 hounds
  An iron imp (Abyss:4)
  7 sleepcaps
  Ijyb (D:3)
  3 iguanas
  16 orc wizards
  2 killer bee zombies (Ossuary)
  2 howler monkey zombies (Ossuary)
  16 mummies (Ossuary)
  36 gnolls
  4 adders
  4 river rats (Sewer)
  2 shadow imps
  3 white imps
  4 ufetubi
  2 worms (D:2)
  2 dart slugs
  58 orcs
  A bat (D:2)
  4 endoplasms
  A giant cockroach (D:2)
  12 goblins
  3 hobgoblins
  18 jackals
  6 quokkas
  2 ball pythons
  A frilled lizard (D:1)
  26 kobolds
  12 rats
  21 starspawn tentacles (Abyss:4)
1067 creatures vanquished.

Vanquished Creatures (collateral kills)
  An ancient lich (Abyss:4)
  2 caustic shrikes
  Geryon (Hell)
  A profane servitor (Abyss:4)
  A pearl dragon (Zig:4)
  A bone dragon (Abyss:4)
  A Hell Sentinel (Dis:1)
  A lich (Abyss:4)
  An ancient champion (Dis:1)
  2 daevas
  An iron dragon (Dis:1)
  A caustic shrike zombie (Abyss:4)
  A cacodemon (Abyss:4)
  A balrug (Hell)
  An angel (Zig:4)
  2 war gargoyles
  3 reapers (Hell)
  A putrid mouth (Hell)
  An ice dragon (Hell)
  A rakshasa (Abyss:4)
  3 thrashing horrors (Abyss:4)
  2 sun demons
  2 soul eaters (Hell)
  6 wretched stars (Abyss:4)
  A sixfirhy (Abyss:4)
  A glowing orange brain (Abyss:4)
  2 flayed ghosts (Hell)
  A shining eye (Depths:4)
  A worldbinder (Abyss:4)
  An apocalypse crab (Abyss:4)
  2 orange demons (Hell)
  3 rust devils (Hell)
  2 smoke demons
  A molten gargoyle (Hell)
  5 large abominations (Abyss:4)
  An efreet (Abyss:4)
  2 ancient zymes (Abyss:4)
  An ice devil (Hell)
  2 blink frogs (Abyss:4)
  2 raiju (Abyss:4)
  5 flying skulls (Abyss:4)
  4 neqoxecs (Abyss:4)
  A spatial vortex (Abyss:4)
  A sky beast (Abyss:4)
  A sky beast (shapeshifter) (Abyss:4)
  7 starcursed masses (Abyss:4)
  4 small abominations (Abyss:4)
  An earth elemental (Abyss:4)
  2 lurking horrors (Abyss:4)
  A starspawn tentacle (Abyss:4)
93 creatures vanquished.

Vanquished Creatures (others)
  An orange crystal statue (Zig:6)
  A raiju (Abyss:4)
  A vampire (D:12)
  A golden eye (Abyss:4)
  An orc wizard (D:9)
  A fungus (D:4)
  5 lurking horrors (Abyss:4)
  17 plants
  60 starspawn tentacles
  4 tentacles (Hell)
  9 withered plants (Ossuary)
101 creatures vanquished.

Grand Total: 1261 creatures vanquished

Notes
Turn   | Place    | Note
-------+----------+-------------------------------------------
     0 | D:1      | Flugkiller the Gargoyle Fighter began the quest for the
                  | Orb.
     0 | D:1      | Reached XP level 1. HP: 14/14 MP: 1/1
   334 | D:1      | Reached XP level 2. HP: 19/19 MP: 2/2
   819 | D:2      | Found an ancient bone altar of Kikubaaqudgha.
   945 | D:2      | Reached XP level 3. HP: 16/23 MP: 3/3
   975 | D:2      | Found a faded altar of an unknown god.
  1285 | D:2      | Reached XP level 4. HP: 26/29 MP: 4/4
  1993 | D:3      | Found a blossoming altar of Fedhas.
  2012 | D:3      | Noticed an oklob plant
  2120 | D:3      | Found a shadowy altar of Dithmenos.
  2255 | D:3      | Reached XP level 5. HP: 33/33 MP: 5/5
  2305 | D:3      | Noticed Ijyb
  2323 | D:3      | Killed Ijyb
  2517 | D:3      | Identified the +1 short sword of Caled {freeze, Will+
                  | Str+2}
  3042 | D:4      | Reached XP level 6. HP: 38/38 MP: 6/6
  3042 | D:4      | Found a glowing drain.
  3051 | Sewer    | Entered a sewer
  3146 | Sewer    | Found a white marble altar of Elyvilon.
  3242 | D:4      | Reached XP level 7. HP: 28/44 MP: 7/7
  3247 | D:4      | Found a sand-covered staircase.
  3257 | Ossuary  | Entered an ossuary
  3306 | Ossuary  | Reached skill level 5 in Shields
  3323 | Ossuary  | Reached skill level 5 in Armour
  3361 | Ossuary  | Reached skill level 5 in Fighting
  3444 | Ossuary  | Reached skill level 5 in Axes
  3512 | Ossuary  | Reached XP level 8. HP: 49/49 MP: 8/8
  5215 | D:4      | Reached XP level 9. HP: 55/55 MP: 9/9
  5279 | D:4      | Identified the +6 plate armour "Maffe" {rF++ rC- Int+9}
  5499 | D:5      | Entered Level 5 of the Dungeon
  5561 | D:5      | Found a broken altar of Ashenzari.
  5569 | D:5      | Found a radiant altar of Vehumet.
  5863 | D:5      | Noticed caveywoolpert's ghost (novice GrEE)
  5865 | D:5      | Found a transporter.
  5867 | D:5      | Identified the +3 dire flail "Zuhak" {protect, *Rage rN++
                  | MP+9 Dex+4}
  5936 | D:5      | Found a transporter.
  6320 | D:6      | Noticed Eustachio
  6335 | D:6      | Killed Eustachio
  6937 | D:6      | Found a burning altar of Makhleb.
  6942 | D:6      | Found a basalt altar of Yredelemnul.
  6944 | D:6      | Found a hide-covered altar of Uskayaw.
  6945 | D:6      | Found an ancient bone altar of Kikubaaqudgha.
  6949 | D:6      | Found a snail-covered altar of Cheibriados.
  7244 | D:7      | Noticed a gargoyle
  7330 | D:7      | Killed a gargoyle
  7331 | D:7      | Reached XP level 10. HP: 12/63 MP: 10/10
  7511 | D:7      | Noticed UristMacStoneSoup's ghost (novice KoBr)
  7513 | D:7      | Found a transporter.
  7513 | D:7      | Noticed a manticore
  7514 | D:7      | Noticed a skeletal warrior
  7617 | D:7      | Reached skill level 1 in Evocations
  7631 | D:7      | Found a staircase to the Ecumenical Temple.
  7684 | Temple   | Entered the Ecumenical Temple
  7773 | D:7      | Found an ornate altar of the Wu Jian Council.
  7773 | D:7      | Noticed Prince Ribbit
  7787 | D:7      | Killed Prince Ribbit
  7832 | D:7      | Found Emniwam's Weapon Boutique.
  8145 | D:7      | Found a transporter.
  8568 | D:8      | Found a staircase to the Lair.
  8569 | D:8      | Reached XP level 11. HP: 68/68 MP: 11/11
  8576 | D:8      | Identified the +1 leather armour of the Arena {rF+ Will-
                  | Slay+4}
 10165 | D:8      | Reached XP level 12. HP: 75/75 MP: 12/12
 10556 | D:9      | Identified a scroll of acquirement
 11165 | D:10     | Entered Level 10 of the Dungeon
 11165 | D:10     | Noticed a two-headed ogre
 11251 | D:10     | Found a shimmering blue altar of Sif Muna.
 11269 | D:10     | Reached skill level 5 in Evocations
 11433 | D:10     | Found a glowing golden altar of the Shining One.
 11433 | D:10     | Found a glowing silver altar of Zin.
 11433 | D:10     | Found a white marble altar of Elyvilon.
 11539 | D:10     | Became a worshipper of the Shining One
 11580 | D:10     | Killed a two-headed ogre
 11699 | D:10     | Found a shimmering altar of Xom.
 12071 | D:11     | Noticed a sun demon
 12078 | D:11     | Noticed a soul eater
 12278 | D:11     | Found a runed translucent door.
 12278 | D:11     | Found a runed translucent door.
 12330 | D:11     | Noticed Arum's ghost (journeyman FoFi)
 12331 | D:11     | Noticed a lich
 12374 | D:11     | Reached * piety under the Shining One
 12376 | D:11     | Noticed a rakshasa
 12506 | D:11     | Noticed Sonja
 12511 | D:11     | Killed Sonja
 12521 | D:11     | Identified the +3 falchion of the Toadstool {heavy, Fly
                  | Str+7 Int-5 Dex-2}
 12850 | D:11     | Noticed a golden dragon
 12853 | D:11     | Noticed an acid blob
 12853 | D:11     | Identified the +5 great sword "Kyjeoh" {drain, Fly rPois
                  | Str-4 Int+3}
 12862 | D:11     | an acid blob changed into a caustic shrike
 12862 | D:11     | Noticed a caustic shrike (glowing shapeshifter)
 12911 | D:11     | Noticed a skyshark
 12912 | D:11     | a skyshark changed into an orb spider
 13036 | D:11     | Noticed a shock serpent
 13156 | D:12     | Reached XP level 13. HP: 61/80 MP: 13/13
 13753 | D:12     | Found a staircase to the Orcish Mines.
 14010 | D:12     | Reached ** piety under the Shining One
 14133 | D:11     | Noticed an azure jelly
 14284 | D:12     | Reached skill level 10 in Armour
 14284 | D:12     | Reached skill level 10 in Shields
 14498 | D:12     | Reached skill level 10 in Fighting
 15733 | D:14     | Identified the +9 glaive "Orb Guardian's Regret" {freeze,
                  | SInv}
 16742 | D:14     | Found a gate to the Vaults.
 16757 | D:14     | Gained mutation: Your large and strong wings let you fly.
                  | [Gargoyle growth]
 16757 | D:14     | Reached XP level 14. HP: 82/88 MP: 12/14
 16833 | D:14     | Reached skill level 15 in Axes
 16849 | D:14     | Reached skill level 1 in Invocations
 16856 | D:14     | Reached *** piety under the Shining One
 16857 | D:14     | Reached skill level 2 in Invocations
 16989 | D:14     | Reached skill level 3 in Invocations
 17031 | D:14     | Reached skill level 4 in Invocations
 17102 | D:14     | Noticed a brown very ugly thing
 17181 | D:14     | Killed a brown very ugly thing
 17182 | D:14     | Reached skill level 5 in Invocations
 17211 | Abyss:2  | Cast into level 2 of the Abyss (a wizard)
 17388 | Abyss:2  | Acquired a +4 ring of slaying
 17442 | Abyss:2  | Noticed a tentacled starspawn
 17450 | Abyss:2  | Killed a tentacled starspawn
 17486 | Abyss:2  | Reached skill level 6 in Invocations
 17535 | Abyss:2  | Reached **** piety under the Shining One
 17583 | Abyss:2  | Noticed a cacodemon
 17587 | Abyss:2  | Gained mutation: Armour fits poorly on your strangely
                  | shaped body. [a cacodemon]
 17590 | Abyss:2  | Reached skill level 7 in Invocations
 17597 | Abyss:2  | Noticed a tentacled starspawn
 17599 | Abyss:2  | Killed a cacodemon
 17600 | Abyss:2  | Reached skill level 8 in Invocations
 17603 | Abyss:2  | Killed a tentacled starspawn
 17610 | Abyss:2  | The Shining One protects you from harm!
 17621 | Abyss:2  | Noticed a starcursed mass
 17718 | Abyss:2  | Reached skill level 9 in Invocations
 17809 | D:14     | Escaped the Abyss
 17817 | D:14     | Identified the +0 pair of gloves of Gravitas {rElec Int+3}
 17982 | D:14     | Reached skill level 10 in Invocations
 18171 | D:15     | Entered Level 15 of the Dungeon
 18181 | D:15     | Noticed Jorgrun
 18222 | D:14     | Killed Jorgrun
 18292 | D:15     | Reached skill level 11 in Invocations
 18390 | D:14     | Lost mutation: Armour fits poorly on your strangely shaped
                  | body. [potion of mutation]
 18390 | D:14     | Gained mutation: You passively map a small area around you.
                  | [potion of mutation]
 18390 | D:14     | Gained mutation: You are robust. (+10% HP) [potion of
                  | mutation]
 18390 | D:14     | Gained mutation: Your mind is acute. (Int +4, Str/Dex -1)
                  | [potion of mutation]
 18688 | D:15     | Found an ancient bone altar of Kikubaaqudgha.
 18919 | D:15     | Reached XP level 15. HP: 93/102 MP: 23/23
 18930 | D:15     | Reached skill level 12 in Invocations
 19813 | D:15     | Found a staircase to the Depths.
 19970 | D:14     | Lost mutation: You passively map a small area around you.
                  | [mutagenic glow]
 19982 | D:14     | Gained mutation: Your body sometimes deteriorates upon
                  | taking damage. [mutagenic glow]
 20081 | D:14     | Gained mutation: Your spells are a little easier to cast,
                  | but a little less powerful. [mutagenic glow]
 20096 | D:14     | Gained mutation: You have hidden genetic defects.
                  | [mutagenic glow]
 20199 | D:14     | Gained mutation: Your magical capacity is low. (-10% MP)
                  | [mutagenic glow]
 20217 | D:14     | Lost mutation: Your spells are a little easier to cast, but
                  | a little less powerful. [mutagenic glow]
 20366 | D:14     | Gained mutation: Your spells are a little easier to cast,
                  | but a little less powerful. [mutagenic glow]
 20443 | Abyss:3  | Cast into level 3 of the Abyss (unwielding a weapon of
                  | distortion)
 20454 | Abyss:3  | Paralysed by accursed screaming for 2 turns
 20510 | Abyss:3  | Found a corrupted altar of Lugonu.
 20510 | Abyss:3  | Found a corrupted altar of Lugonu.
 20572 | Abyss:3  | Paralysed by an air elemental for 1 turns
 20574 | Abyss:3  | Paralysed by an air elemental for 1 turns
 20616 | Abyss:3  | Found a corrupted altar of Lugonu.
 20624 | Abyss:3  | Reached skill level 13 in Invocations
 20659 | Abyss:3  | Noticed a hellephant
 20739 | Abyss:4  | Gained mutation: Your body often deteriorates upon taking
                  | damage. [hidden defects]
 20744 | Abyss:4  | Found a corrupted altar of Lugonu.
 20746 | Abyss:4  | Reached skill level 14 in Invocations
 20760 | Abyss:4  | Found a corrupted altar of Lugonu.
 20807 | Abyss:4  | Found a corrupted altar of Lugonu.
 20914 | Abyss:4  | Noticed a tentacled starspawn
 20947 | Abyss:4  | Killed a tentacled starspawn
 20961 | Abyss:4  | Reached skill level 15 in Invocations
 20970 | D:14     | Escaped the Abyss
 20994 | D:14     | Gained mutation: You do not regenerate when monsters are
                  | visible. [hidden defects]
 20994 | D:14     | Lost mutation: You have hidden genetic defects. [hidden
                  | defects expressed]
 21205 | D:14     | Lost mutation: You are robust. (+10% HP) [potion of
                  | mutation]
 21205 | D:14     | Lost mutation: Your body often deteriorates upon taking
                  | damage. [potion of mutation]
 21205 | D:14     | Lost mutation: Your mind is acute. (Int +4, Str/Dex -1)
                  | [potion of mutation]
 21205 | D:14     | Gained mutation: You occasionally lose the ability to drink
                  | potions when taking damage. [potion of mutation]
 21205 | D:14     | Gained mutation: You have hidden genetic defects. [potion
                  | of mutation]
 21205 | D:14     | Gained mutation: You are robust. (+10% HP) [potion of
                  | mutation]
 21206 | D:14     | Lost mutation: You do not regenerate when monsters are
                  | visible. [potion of mutation]
 21206 | D:14     | Lost mutation: You occasionally lose the ability to drink
                  | potions when taking damage. [potion of mutation]
 21206 | D:14     | Lost mutation: You have hidden genetic defects. [potion of
                  | mutation]
 21379 | Depths:1 | Entered Level 1 of the Depths
 22522 | Depths:1 | Found Waffyopp's Magic Scroll Shoppe.
 22617 | Depths:1 | Reached XP level 16. HP: 110/110 MP: 24/24
 22629 | Depths:1 | Found a shimmering blue altar of Sif Muna.
 22975 | Depths:1 | a fire dragon changed into a storm dragon
 22975 | Depths:1 | Noticed a storm dragon (glowing shapeshifter)
 22976 | Depths:1 | a storm dragon changed into an alligator
 23370 | Depths:1 | Reached ***** piety under the Shining One
 23402 | Depths:1 | Reached skill level 16 in Invocations
 23877 | Depths:2 | Noticed a walking frostbound tome
 24484 | Depths:2 | Noticed a walking divine tome
 24623 | Depths:2 | Killed a walking divine tome
 24764 | Depths:2 | Noticed a caustic shrike
 24780 | Depths:2 | Killed a caustic shrike
 24936 | Depths:2 | Noticed Vv
 25214 | Depths:2 | Noticed a lich
 25372 | Depths:2 | Noticed a shadow dragon
 25418 | Depths:1 | Killed a lich
 25477 | Depths:1 | Killed a shadow dragon
 25508 | Depths:2 | Found a gateway to Hell.
 25562 | Hell     | Entered the Vestibule of Hell
 25562 | Hell     | Noticed Geryon
 26027 | Depths:2 | Found a one-way gate leading to the halls of Pandemonium.
 26199 | Depths:3 | Reached XP level 17. HP: 119/119 MP: 26/26
 26237 | Depths:3 | Identified the +7 flail "Totuix" {heavy, *Noise rC+++ rCorr
                  | Stlth+}
 26693 | Depths:3 | Found a hide-covered altar of Uskayaw.
 26973 | Depths:3 | Found a one-way gate to the infinite horrors of the Abyss.
 27519 | Depths:3 | Noticed a titan
 27881 | Depths:3 | Found the +8 arc blade {discharge, rElec}
 28046 | Depths:3 | Reached skill level 17 in Invocations
 28072 | Depths:3 | Killed a titan
 28470 | Depths:4 | Entered Level 4 of the Depths
 28476 | Depths:4 | Noticed a tentacled monstrosity
 28494 | Depths:3 | Killed a tentacled monstrosity
 29323 | Depths:4 | Noticed a golden dragon
 29420 | Depths:3 | Killed a golden dragon
 29712 | Depths:4 | Gained mutation: Armour fits poorly on your strangely
                  | shaped body. [a shining eye]
 29719 | Depths:4 | Reached ****** piety under the Shining One
 29721 | Depths:4 | Gained mutation: You occasionally lose the ability to read
                  | scrolls when taking damage. [a shining eye]
 29758 | Depths:3 | Lost mutation: Armour fits poorly on your strangely shaped
                  | body. [potion of mutation]
 29758 | Depths:3 | Lost mutation: Your spells are a little easier to cast, but
                  | a little less powerful. [potion of mutation]
 29758 | Depths:3 | Gained mutation: You passively map a small area around you.
                  | [potion of mutation]
 29916 | Depths:4 | Found a gate to the Realm of Zot.
 29987 | Depths:4 | Noticed Mennas
 30029 | Depths:4 | Killed Mennas
 30436 | Depths:4 | Reached XP level 18. HP: 105/128 MP: 27/27
 30969 | Depths:4 | Voluntarily entered the Abyss.
 30972 | Abyss:4  | Noticed a dread lich
 30987 | Abyss:4  | Found a shimmering altar of Xom.
 30988 | Abyss:4  | Found a shimmering altar of Xom.
 30988 | Abyss:4  | Found a shimmering altar of Xom.
 30989 | Abyss:4  | Found a shimmering altar of Xom.
 30989 | Abyss:4  | Found a shimmering altar of Xom.
 30989 | Abyss:4  | Found a shimmering altar of Xom.
 30990 | Abyss:4  | Found a shimmering altar of Xom.
 30990 | Abyss:4  | Found a shimmering altar of Xom.
 30990 | Abyss:4  | Found a corrupted altar of Lugonu.
 30990 | Abyss:4  | Found a shimmering altar of Xom.
 30990 | Abyss:4  | Found a shimmering altar of Xom.
 30991 | Abyss:4  | Found a shimmering altar of Xom.
 30992 | Abyss:4  | Found a shimmering altar of Xom.
 30992 | Abyss:4  | Found a shimmering altar of Xom.
 30994 | Abyss:4  | Found a shimmering altar of Xom.
 30994 | Abyss:4  | Found a shimmering altar of Xom.
 30994 | Abyss:4  | Found a shimmering altar of Xom.
 30994 | Abyss:4  | Found a shimmering altar of Xom.
 30994 | Abyss:4  | Found a shimmering altar of Xom.
 30995 | Abyss:4  | Identified a +6 broad axe of holy wrath (a +4 broad axe of
                  | freezing blessed by the Shining One)
 30995 | Abyss:4  | Received a gift from the Shining One
 31024 | Abyss:4  | Found a shimmering altar of Xom.
 31024 | Abyss:4  | Found a corrupted altar of Lugonu.
 31024 | Abyss:4  | Found a shimmering altar of Xom.
 31044 | Abyss:4  | Noticed a hellephant
 31060 | Abyss:4  | Killed a hellephant
 31084 | Abyss:4  | Reached skill level 18 in Invocations
 31090 | Abyss:4  | Reached skill level 15 in Fighting
 31152 | Depths:4 | Escaped the Abyss
 31509 | Depths:2 | Found a one-way gateway to a ziggurat.
 31519 | Zig:1    | Entered Level 1 of a ziggurat
 31522 | Zig:1    | Paralysed by an air elemental for 1 turns
 31540 | Zig:2    | Entered Level 2 of a ziggurat
 31559 | Zig:2    | Got the Handbook of Reshaped Pyromania
 31617 | Zig:3    | Entered Level 3 of a ziggurat
 31617 | Zig:3    | Noticed a searing wretch
 31629 | Zig:3    | Killed a searing wretch
 31645 | Zig:4    | Entered Level 4 of a ziggurat
 31646 | Zig:4    | Noticed a pearl dragon
 31653 | Zig:4    | Killed a pearl dragon
 31856 | Zig:5    | Entered Level 5 of a ziggurat
 32063 | Zig:6    | Entered Level 6 of a ziggurat
 32203 | Zig:6    | Identified the scarf "Kuytos" {harm, Will+}
 32206 | Zig:6    | Got the Book of Combined Erosion
 32213 | Zig:7    | Entered Level 7 of a ziggurat
 32337 | Zig:7    | Got Sif Muna's Secrets of Location
 32339 | Zig:7    | Identified the +5 ring mail of Wearat {+Blink rCorr Dex+3}
 32570 | Depths:2 | Noticed a lich
 32585 | Depths:2 | Killed a lich
 32615 | Depths:2 | Identified the ring of Kurumehe {Fire rPois Str-5 Stlth+}
 32766 | Depths:3 | Voluntarily entered the Abyss.
 32801 | Abyss:4  | Noticed a bone dragon
 32814 | Abyss:4  | Killed a bone dragon
 32863 | Abyss:4  | Found a corrupted altar of Lugonu.
 32886 | Abyss:4  | Reached XP level 19. HP: 137/137 MP: 29/29
 32924 | Abyss:4  | Noticed an ancient lich
 32943 | Abyss:4  | Killed an ancient lich
 32946 | Depths:3 | Escaped the Abyss
 33137 | Depths:3 | Voluntarily entered the Abyss.
 33262 | Abyss:4  | Found a corrupted altar of Lugonu.
 33311 | Abyss:4  | Reached skill level 19 in Invocations
 33324 | Depths:3 | Escaped the Abyss
 33402 | Depths:3 | Voluntarily entered the Abyss.
 33467 | Abyss:4  | Found a corrupted altar of Lugonu.
 33472 | Abyss:4  | Found a corrupted altar of Lugonu.
 33472 | Abyss:4  | Found a corrupted altar of Lugonu.
 33536 | Abyss:4  | Found a corrupted altar of Lugonu.
 33676 | Abyss:4  | Found a corrupted altar of Lugonu.
 33714 | Abyss:4  | Noticed a bone dragon
 33728 | Abyss:4  | Gained mutation: You occasionally lose the ability to drink
                  | potions when taking damage. [a neqoxec]
 33736 | Abyss:4  | Killed a bone dragon
 33755 | Abyss:4  | Found a corrupted altar of Lugonu.
 33851 | Abyss:4  | Found a corrupted altar of Lugonu.
 33875 | Abyss:4  | Found a corrupted altar of Lugonu.
 34072 | Abyss:4  | Found a corrupted altar of Lugonu.
 34102 | Depths:3 | Escaped the Abyss
 34257 | Depths:3 | Voluntarily entered the Abyss.
 34258 | Abyss:4  | Found a corrupted altar of Lugonu.
 34272 | Abyss:4  | Found a corrupted altar of Lugonu.
 34289 | Abyss:4  | Paralysed by an air elemental for 1 turns
 34295 | Abyss:4  | Paralysed by an air elemental for 1 turns
 34379 | Depths:3 | Escaped the Abyss
 34466 | Depths:3 | Voluntarily entered the Abyss.
 34495 | Abyss:4  | Found a corrupted altar of Lugonu.
 34544 | Abyss:4  | Reached XP level 20. HP: 118/147 MP: 25/30
 34547 | Abyss:4  | Found a corrupted altar of Lugonu.
 34726 | Abyss:4  | Noticed a profane servitor
 34735 | Abyss:4  | Killed a profane servitor
 34817 | Abyss:4  | Reached skill level 20 in Invocations
 34817 | Abyss:4  | Paralysed by accursed screaming for 2 turns
 34855 | Abyss:4  | Got an abyssal rune of Zot
 34862 | Abyss:4  | Noticed an ancient lich
 34867 | Abyss:4  | Killed an ancient lich
 34908 | Abyss:4  | Noticed a bone dragon
 34917 | Abyss:4  | Killed a bone dragon
 35183 | Depths:3 | Escaped the Abyss
 35250 | Depths:3 | Lost mutation: You occasionally lose the ability to drink
                  | potions when taking damage. [potion of mutation]
 35250 | Depths:3 | Lost mutation: You passively map a small area around you.
                  | [potion of mutation]
 35250 | Depths:3 | Lost mutation: You occasionally lose the ability to read
                  | scrolls when taking damage. [potion of mutation]
 35250 | Depths:3 | Gained mutation: You are very robust. (+20% HP) [potion of
                  | mutation]
 35250 | Depths:3 | Gained mutation: You are partially covered in iridescent
                  | scales. (AC +2) [potion of mutation]
 35250 | Depths:3 | Gained mutation: Your muscles are strong. (Str +4, Int/Dex
                  | -1) [potion of mutation]
 35250 | Depths:3 | Gained mutation: You are strong-willed. (Will+) [potion of
                  | mutation]
 35363 | Hell     | Lost mutation: Your body sometimes deteriorates upon taking
                  | damage. [a cacodemon]
 35377 | Hell     | Reached skill level 15 in Shields
 35383 | Hell     | Killed Geryon
 35389 | Hell     | Reached skill level 15 in Armour
 35802 | Hell     | Found a gateway to the ashen valley of Gehenna.
 36100 | Hell     | Found a gateway to the decaying netherworld of Tartarus.
 36408 | Hell     | Found a gateway to the Iron City of Dis.
 36462 | Hell     | Found a gateway to the freezing wastes of Cocytus.
 36580 | Dis:1    | Entered Level 1 of the Iron City of Dis
 36580 | Dis:1    | Noticed an iron giant
 36580 | Dis:1    | Noticed a caustic shrike
 36580 | Dis:1    | Noticed a caustic shrike
 36580 | Dis:1    | Noticed a caustic shrike
 36580 | Dis:1    | Noticed a caustic shrike
 36580 | Dis:1    | Noticed a caustic shrike
 36580 | Dis:1    | Noticed a caustic shrike
 36580 | Dis:1    | Noticed a caustic shrike
 36580 | Dis:1    | Noticed a caustic shrike
 36581 | Dis:1    | Noticed a caustic shrike
 36591 | Dis:1    | Reached XP level 21. HP: 64/170 MP: 21/31
 36592 | Dis:1    | Killed a caustic shrike
 36592 | Dis:1    | Killed a caustic shrike
 36600 | Dis:1    | Reached skill level 21 in Invocations
 36614 | Dis:1    | Killed a caustic shrike
 36618 | Dis:1    | Killed a caustic shrike
 36620 | Dis:1    | Killed a caustic shrike
 36861 | Hell     | Killed a caustic shrike
 36865 | Hell     | HP: 1/171 [iron giant/+0 giant spiked club (47)]
 36900 | Hell     | HP: 9/256 [something (6)]
 36904 | Hell     | Killed from afar by an iron giant

Illustrated notes

Levels and vault maps discovered:
D:1:      scummos_arrival_checkerplants, layout_loops_corners
D:2:      layout_basic, hellmonk_ecumenical_altar_lost_god, basic_altar,
          serial_forest, infiniplex_forest_clump_long,
          infiniplex_forest_clump_diagonal, infiniplex_forest_clump_small,
          infiniplex_forest_clump_tiny, infiniplex_forest_end_2,
          infiniplex_forest_clump_curved, infiniplex_forest_corner_1,
          infiniplex_forest_clump_cross
D:3:      layout_basic, tgw_fedhas, nicolae_dithmenos_shadow_blocks, uniq_ijyb
D:4:      lemuel_castle_with_subvaults [lemuel_castle_interior_carwin_2],
          layout_basic, portal_sewer_entry_d, nicolae_ossuary_entry_ruins,
          minmay_cupped
D:5:      layout_loops_ring, nicolae_overflow_crystal_walls, lemuel_round_altar,
          gammafunk_ghost_smash
D:6:      layout_gridville, minitemple, minmay_misc_feat_plants,
          skrybe_limestone_x, uniq_eustachio
D:7:      layout_rooms, nzn_wu_jian_contemplation,
          minmay_temple_entry_overgrown, serial_shops,
          nicolae_shop_tiny_statue_garden, gammafunk_ghost_arena,
          kennysheep_nub, minmay_nine_imps, uniq_prince_ribbit1
D:8:      cheibrodos_two_vegetables, layout_basic, dpeg_oklobed_lair,
          st_stairs_6, minmay_microvault
D:9:      layout_loops_ring, nrook_campfire, minmay_quadrilaterals
D:10:     layout_roguey, good_gods_mini_temple, mainiacjoe_overflow_brackets,
          tgw_xom, grunt_ministairs_12, nicolae_elevator_lobby_plus
D:11:     layout_irregular_city, muffindrake_ghost_dual_entry,
          grunt_ministairs_5, uniq_sonja
D:12:     minmay_triangles_in_corner, layout_cave_pods, erik_orc_2
D:13:     layout_cave_pools, kennysheep_generic_room_11
D:14:     cheibrodos_breeding_chamber, layout_rooms, erik_vaults_1
D:15:     grunt_enter_depths_hoard, layout_small_grid, kiku_gazebo_pond_becter,
          uniq_jorgrun
Temple:   nicolae_temple_little_seven
Depths:1: layout_gridlike, kennysheep_crisscross, hellmouth_1, serial_shops,
          shop_scrolls, nicolae_twisting_strands, nicolae_sif_muna_condensation
Depths:2: minmay_cut_squares, layout_basic, enter_ziggurat_f,
          pf_hell_entry_great_geh, rand_demon_pan_entry_9, uniq_vv
Depths:3: minmay_shoctagon, layout_gridlike, nicolae_uskayaw_suspiria,
          marbit_kobold_abyss_entry, hell_entry, lemuel_another_geyser
Depths:4: evilmike_zot_entry_diamond, layout_gridlike, rand_demon_pan_entry_7,
          nicolae_hell_entry_hellmouth_sunbeams, grunt_decor_mini_mirrors,
          abyss_entry, uniq_mennas
Hell
Dis:1:    nicolae_dis_metal_hellway, layout_gridville

Skill      XL: |  1  2  3  4  5  6  7  8  9 10 11 12 13 14 15 16 17 18 19 20 21 |
---------------+----------------------------------------------------------------+-----
Axes           | 2 3 4 5 6 8 12 13 14 15 16 17 18 | 18.0
Shields        | 4 5 6 7 8 9 11 12 13 14 15 | 15.5
Fighting       | 4 5 6 7 8 9 10 11 13 14 15 17 18 | 18.9
Armour         | 4 5 6 7 8 9 10 11 12 13 14 15 | 15.4
Evocations     | 2 4 6 |  6.0
Invocations    | 11 15 16 17 18 19 20 21 | 21.1

Action                     |  1- 3 |  4- 6 |  7- 9 | 10-12 | 13-15 | 16-18 | 19-21 || total
---------------------------+-------+-------+-------+-------+-------+-------+-------++-------
  Melee: War axe           |    50 |   177 |   157 |   462 |   728 |       |       ||  1574
         Flail             |       |       |   301 |   206 |       |       |       ||   507
         Broad axe         |       |       |       |       |    40 |   948 |   670 ||  1658
  Throw: Dart              |       |       |       |       |       |    11 |       ||    11
 Invoke: Cleansing Flame   |       |       |       |       |    34 |    24 |    16 ||    74
         Divine Shield     |       |       |       |       |     2 |     1 |     5 ||     8
         Summon Divine War |       |       |       |       |       |     9 |    14 ||    23
         Brand Weapon With |       |       |       |       |       |     1 |       ||     1
  Evoke: Wand              |       |       |     2 |     3 |    31 |    20 |    12 ||    68
    Use: Scroll            |       |     4 |    10 |     6 |    15 |    17 |    12 ||    64
         Potion            |       |     2 |     1 |     1 |    13 |    12 |    10 ||    39
   Stab: Distracted        |       |       |       |     1 |       |       |       ||     1
 Armour: Scale mail        |    28 |    73 |       |       |       |       |       ||   101
         Chain mail        |       |    49 |   297 |     3 |       |       |       ||   349
         Plate armour      |       |       |   101 |   363 |   589 |   583 |   448 ||  2084
  Dodge: Dodged            |    31 |   104 |   215 |   170 |   249 |   374 |   288 ||  1431
  Block: Buckler           |     9 |       |       |       |       |   178 |   298 ||   485
         Kite shield       |       |       |    19 |   385 |   507 |   225 |       ||  1136
